AoeStats
← NickN1ght0ne

Arena

508763247Analyzed
1v1 RM · 8d ago on Sep 23, 2026· 21m 12s· 2 players
Game mode
Random Map
Map size
Tiny (2 player)
Population
200
Speed
Normal
Resources
Standard
Victory
Conquest
Starting age
Dark Age
Ending age
Imperial Age
RankedLock teamsTeams togetherTeam positionsShared explorationLock speedFull tech treeHidden civsTurbo modeCheats
Victory
Defeat
🇩🇪 Britons · Germany
457
+12
🇨🇦 Britons · Canada
377
-12
NickN1ght0ne
11:26 Feudal Age
15:17 Castle Age
20:29 Fletching
20:41 Padded Archer Armor
Trufreedom
4:32 Loom
9:54 Feudal Age
10:36 Double-Bit Axe
14:31 Man-at-Arms
19:52 Castle Age
20:49 Wheelbarrow
20:00 Town Watch
20:33 Crossbowman
Connection lost

Rejoining the realm…

Still unreachable

The connection could not be restored.

Session expired

The server has moved on; the page needs a fresh start.